 Dungeon Crawl Stone Soup version 0.31-a0-1025-g2e47921a08 (webtiles) character file.

Game seed: 6434782162499604903

35883 Anon1729 the Fighter (level 13, -1/125 HPs)
             Began as a Minotaur Monk on Nov 18, 2023.
             Was a High Priest of Trog.
             Shot with a bolt by a yaktaur (5 damage)
             ... in a volcano.
             The game lasted 00:24:15 (14285 turns).

Anon1729 the Fighter (Minotaur Monk)               Turns: 14285, Time: 00:24:15

Health: -1/125     AC: 20    Str: 20    XL:     13   Next: 50%
Magic:  12/12      EV: 20    Int:  7    God:    Trog [*****.]
Gold:   731        SH:  0    Dex: 20    Spells: 12/12 levels left

rFire   + . .        v - +2 broad axe (elec)
rCold   x . .        d - orb {light}
rNeg    . . .        K - +2 swamp dragon scales
rPois   +            o - +2 hat {Stlth+}
rElec   .            (no cloak)
rCorr   .            H - +2 pair of gloves {Stlth+}
SInv    .            x - +0 pair of boots
Will    .....        (no amulet)
Stlth   ++           y - +6 ring of dexterity
HPRegen 0.40/turn    l - ring of fire
MPRegen 0.13/turn

%: no passive effects
@: glowing
A: horns 2, retaliatory headbutt
a: Renounce Religion, Berserk, Trog's Hand, Brothers in Arms


You were in a volcano.
You worshipped Trog.
Trog was extremely pleased with you.
You visited 3 branches of the dungeon, and saw 15 of its levels.
You also visited: Sewer, Gauntlet and Volcano.

You collected 864 gold pieces.
You spent 133 gold pieces at shops.

Inventory:

Hand Weapons
 v - a +2 broad axe of electrocution (weapon)
 O - the +8 dagger of the Evil Eye {protect, +Blink Str+3 Int-2}
   (You found it in a Gauntlet)

   Str+3:     It affects your strength (+3).
   Int-2:     It affects your intelligence (-2).
   +Blink:    It lets you blink.
Missiles
 g - 12 curare-tipped darts
 J - 7 silver javelins
 P - 3 darts of dispersal
Armour
 b - the +2 robe of the Arena {Rampage rF++ Slay-3 SInv}
   (You found it on level 5 of the Dungeon)

   Slay-3:    It affects your accuracy & damage with ranged weapons and melee
   (-3).
   rF++:      It greatly protects you from fire.
   SInv:      It lets you see invisible.
   Rampage:   It bestows one free step when moving towards enemies.
 d - an orb of light (worn)
 o - a +2 hat of stealth (worn)
 p - the +2 robe of the Shore {Will+ rCorr Int+4 Dex+2}
   (You found it on level 3 of the Dungeon)

   Int+4:     It affects your intelligence (+4).
   Dex+2:     It affects your dexterity (+2).
   Will+:     It increases your willpower.
   rCorr:     It protects you from acid and corrosion.
 x - a +0 pair of boots (worn)
 H - a +2 pair of gloves of stealth (worn)
 K - +2 swamp dragon scales (worn)
Jewellery
 l - a ring of fire (right hand)
 q - a ring of magical power
 y - a +6 ring of dexterity (left hand)
 G - an amulet of faith
 M - a ring of poison resistance
Wands
 a - a wand of roots (23)
 j - a wand of charming (31)
 r - a wand of flame (17)
 L - a wand of light (3)
Scrolls
 e - 5 scrolls of fear
 h - 5 scrolls of summoning
 i - a scroll of blinking
 t - 4 scrolls of enchant armour
 u - 2 scrolls of vulnerability
 z - 7 scrolls of teleportation
 A - 3 scrolls of revelation
 C - 2 scrolls of torment
 E - a scroll of silence
 Q - a scroll of immolation
Potions
 c - a potion of ambrosia
 f - a potion of mutation {unknown}
 k - 6 potions of might
 m - 3 potions of cancellation
 n - 2 potions of brilliance {unknown}
 s - 2 potions of magic {unknown}
 w - 3 potions of curing
 B - 5 potions of enlightenment
 D - 2 potions of degeneration {unknown}
 F - a potion of berserk rage {unknown}
 I - a potion of resistance {unknown}
Miscellaneous
 N - a phantom mirror


   Skills:
 + Level 14.4 Fighting
 + Level 14.4 Axes
 + Level 13.9 Armour
 + Level 13.3 Dodging


You had 12 spell levels left.
You didn't know any spells.
Your spell library contained the following spells:

 Spells                   Type           Power      Damage    Failure   Level
 Blink                    Tloc           0%         N/A       71%         2
 Lesser Beckoning         Tloc           0%         N/A       71%         2
 Momentum Strike          Conj/Tloc      0%         3d8       71%         2
 Static Discharge         Conj/Air       0%         3-3/arc   71%         2
 Airstrike                Air            0%         2d(0-16)  100%        4
 Summon Lightning Spire   Summ/Air       0%         N/A       100%        4
 Haunt                    Necr/Summ      0%         N/A       100%        7
 Borgnjor's Revivificati  Necr           0%         N/A       100%        8
 Death's Door             Necr           0%         N/A       100%        9


Dungeon Overview and Level Annotations

Branches:
Dungeon (11/15)            Temple (1/1) D:4            Lair (3/5) D:8
 Shoals (0/4) Lair:2        Snake (0/4) Lair:2          Orc (0/2) D:11
  Sewer (visited)         Volcano (1/1)             Gauntlet (visited)

Altars:
Ashenzari
Cheibriados
Dithmenos
Elyvilon
Fedhas
Hepliaklqana
Kikubaaqudgha
Makhleb
Nemelex Xobeh
Okawaru
Qazlal
Ru
Sif Muna
Trog
Uskayaw
Vehumet
Wu Jian
Xom
Yredelemnul
Zin
The Shining One

Shops:
D:1 (   D:4 (   D:7 *

Annotations:
D:3 1 runed translucent door, Crazy Yiuf
D:8 2 transporters, Gruesome's ghost, novice OpSh


Innate Abilities, Weirdness & Mutations

You have a pair of horns on your head.
You reflexively headbutt those who attack you in melee.


Message History

The bolt hits you.
A yaktaur comes into view.
It is wielding a +0 arbalest of flaming.
The centaur hits you but does no damage.
The centaur closely misses you.
The yaktaur shouts!
You slash the centaur!
You kill the centaur!
Trog accepts your kill.
The yaktaur shoots a bolt.
The bolt hits you!
The centaur warrior shoots an arrow.
The arrow completely misses you.
Okay, then.
The yaktaur shoots a bolt.
The bolt hits you. The bolt burns you.
The yaktaur shoots a bolt.
The bolt completely misses you.
Things that are here:
a +0 shortbow of flaming; a centaur corpse
Found a bloodstained altar of Trog.
A yaktaur comes into view.
It is wielding a +0 arbalest of flaming.
Something unseen opens the door.
The yaktaur shoots a bolt.
The bolt hits you but does no damage.
The centaur warrior shoots an arrow.
The arrow hits you but does no damage.
A yaktaur, a centaur and a red draconian come into view.
The yaktaur is wielding a +2 arbalest of flaming.
The centaur is wielding a +1 shortbow of flaming.
The red draconian is wielding a +2 halberd of flaming.
Found a potion of heal wounds.
The yaktaur shouts!
The red draconian roars!
The centaur warrior shoots an arrow.
The arrow hits you but does no damage.
The yaktaur shoots a bolt.
The bolt closely misses you.
The yaktaur shoots a bolt.
The bolt hits you!! The bolt burns you.
The yaktaur shoots a bolt.
The bolt hits you!!
* * * LOW HITPOINT WARNING * * *
The bolt burns you.
* * * LOW HITPOINT WARNING * * *
The yaktaur shoots a bolt.
The bolt misses you.
The centaur warrior shoots an arrow.
The arrow hits you.
* * * LOW HITPOINT WARNING * * *
The red draconian moves out of view.
There is a large open door, spattered with blood here.
The yaktaur shoots a bolt.
The bolt hits you!
* * * LOW HITPOINT WARNING * * *
The yaktaur shoots a bolt.
The bolt hits you.
You die...

#≈ ##.# ... #≈§
#..'.!...'.
≈≈≈§##..d.._..'.
§§§§#...#..c..#
§§≈≈#.cc####### .#
≈§≈≈#...'!).!$+...#
≈§§#...#..≈c.#...#
#..@#8≈≈≈8#c..#
##..'..≈..'..# ≈
#..'...c.'..#≈§≈
≈##.#8)..8#.##≈§≈
§§###.....###≈§§≈
#≈≈≈≈≈.....≈≈≈≈§≈#
##≈§≈≈8...8≈§§≈≈§#
###≈≈§§...≈≈≈≈≈#
#≈≈.....≈§≈###


You could see a red draconian and 3 yaktaurs.

Vanquished Creatures
  Gastronok (D:11)
  A minotaur (Gauntlet)
  3 hydras
  A boulder beetle (Lair:1)
  A catoblepas (D:11)
  A death scarab (Gauntlet)
  A two-headed ogre (D:7)
  10 death yaks
  Sonja (D:10)
  Nergalle (D:11)
  3 skeletal warriors (D:11)
  A fire crab (Gauntlet)
  A spectral hydra (Gauntlet)
  A necromancer (Gauntlet)
  2 manticores (D:11)
  A black mamba (Lair:1)
  A slime creature (Gauntlet)
  6 elephants (Lair:2)
  A torpor snail (Lair:1)
  6 komodo dragons
  5 cane toads
  3 trolls
  A polar bear (Lair:2)
  Grinder (D:6)
  3 blink frogs (Lair:3)
  2 dream sheep (Lair:1)
  Prince Ribbit (D:7)
  9 flying skulls (Gauntlet)
  A shadow (D:11)
  6 wyverns
  4 yaks (Lair:1)
  A wraith (D:9)
  4 fire bats (Gauntlet)
  Grum (D:11)
  2 basilisks (Lair:1)
  2 steam dragons (D:10)
  2 nagas (Lair:2)
  2 acid dragons (D:11)
  2 hell hounds (Gauntlet)
  Duvessa (D:5)
  8 water moccasins
  A black bear (D:7)
  7 orc warriors
  An ice beast (D:7)
  4 wolves (D:11)
  An ogre (D:5)
  7 centaurs
  2 phantoms
  4 kobold brigands
  5 bullfrogs
  5 scorpions (D:5)
  Dowan (D:5)
  20 killer bees
  A howler monkey (D:8)
  2 electric eels (Lair:1)
  2 hounds (D:7)
  10 orc priests
  3 gnoll boudas
  5 jellies
  Terence (D:3)
  A sleepcap (D:6)
  3 iguanas
  Ijyb (D:5)
  23 orc wizards
  Robin (D:3)
  7 adders
  14 gnolls
  2 white imps
  2 ufetubi (D:6)
  2 worms
  4 dart slugs
  43 orcs
  9 ball pythons
  12 endoplasms
  2 giant cockroaches
  12 goblins
  7 hobgoblins
  A quokka (D:5)
  6 bats
  5 frilled lizards
  23 kobolds
  6 rats
373 creatures vanquished.

Notes
Turn   | Place    | Note
-------+----------+-------------------------------------------
     0 | D:1      | Anon1729 the Minotaur Monk began the quest for the Orb.
     0 | D:1      | Reached XP level 1. HP: 19/19 MP: 0/0
    67 | D:1      | Found Ducontot's Antique Weapon Boutique.
   148 | D:1      | Reached XP level 2. HP: 27/27 MP: 1/1
   772 | D:2      | Reached XP level 3. HP: 33/33 MP: 2/2
   791 | D:2      | Reached skill level 1 in Armour
  1235 | D:3      | Reached XP level 4. HP: 41/41 MP: 3/3
  1379 | D:3      | Identified the +2 robe of the Shore {Will+ rCorr Int+4
                  | Dex+2}
  1392 | D:3      | Found a runed translucent door.
  1393 | D:3      | Noticed Crazy Yiuf
  1436 | D:3      | Noticed Terence
  1448 | D:3      | Killed Terence
  1579 | D:3      | Noticed Robin
  1611 | D:3      | Killed Robin
  1829 | D:4      | Reached XP level 5. HP: 32/47 MP: 4/4
  1844 | D:4      | Reached skill level 5 in Fighting
  1992 | D:4      | Found a staircase to the Ecumenical Temple.
  2000 | D:4      | Reached skill level 5 in Axes
  2016 | Temple   | Entered the Ecumenical Temple
  2037 | Temple   | Became a worshipper of Trog the Wrathful
  2037 | Temple   | Reached * piety under Trog
  2037 | Temple   | Reached ** piety under Trog
  2091 | D:4      | Found a stormy altar of Qazlal.
  2097 | D:4      | Noticed a phantom
  2113 | D:4      | Reached XP level 6. HP: 36/56 MP: 5/5
  2133 | D:4      | Found Kodes's Weapon Shop.
  2301 | D:4      | Reached skill level 5 in Dodging
  2319 | D:4      | Found a glowing drain.
  2323 | Sewer    | Entered a sewer
  2823 | D:1      | Bought a runed broad axe for 133 gold pieces
  2921 | D:5      | Entered Level 5 of the Dungeon
  2931 | D:5      | Reached XP level 7. HP: 62/62 MP: 6/6
  2935 | D:5      | Found a sacrificial altar of Ru.
  2946 | D:5      | Identified the +2 robe of the Arena {Rampage rF++ Slay-3
                  | SInv}
  3110 | D:5      | Reached *** piety under Trog
  3216 | D:5      | Noticed Ijyb
  3221 | D:5      | Reached skill level 5 in Armour
  3224 | D:5      | Reached XP level 8. HP: 71/71 MP: 7/7
  3230 | D:5      | Killed Ijyb
  3615 | D:5      | Found a radiant altar of Vehumet.
  3618 | D:5      | Noticed Duvessa
  3618 | D:5      | Noticed Dowan
  3630 | D:5      | Killed Duvessa
  3637 | D:5      | Killed Dowan
  3863 | D:6      | Noticed Grinder
  3873 | D:6      | Paralysed by Grinder for 2 turns
  3875 | D:6      | Killed Grinder
  4435 | D:7      | Noticed Prince Ribbit
  4442 | D:7      | Killed Prince Ribbit
  4443 | D:7      | Reached XP level 9. HP: 67/81 MP: 8/8
  4443 | D:7      | Reached **** piety under Trog
  4484 | D:7      | Noticed a two-headed ogre
  4819 | D:7      | Killed a two-headed ogre
  4936 | D:7      | Identified the +6 hand axe of Diocupor {drain, Int+5}
  4982 | D:7      | Found Epneuwki's Island Escapes.
  5377 | D:8      | HP: 2/83 [kobold brigand/+4 short sword of speed (6)]
  5583 | D:8      | Reached XP level 10. HP: 40/91 MP: 9/9
  5840 | D:8      | Found a transporter.
  5842 | D:8      | Found a transporter.
  5848 | D:8      | Noticed Gruesome's ghost (novice OpSh)
  6171 | D:8      | Found a staircase to the Lair.
  6750 | D:9      | Reached skill level 10 in Fighting
  6762 | D:9      | Reached skill level 10 in Axes
  7077 | D:10     | Entered Level 10 of the Dungeon
  7240 | D:10     | Found a shimmering blue altar of Sif Muna.
  7293 | D:10     | Found an ancient bone altar of Kikubaaqudgha.
  7305 | D:10     | Found a sparkling altar of Nemelex Xobeh.
  7422 | D:10     | Found a white marble altar of Elyvilon.
  7768 | D:10     | Found a broken altar of Ashenzari.
  7779 | D:10     | Reached ***** piety under Trog
  7965 | D:10     | Noticed Sonja
  7975 | D:10     | Killed Sonja
  8206 | D:11     | Noticed Gastronok
  8217 | D:11     | Killed Gastronok
  8218 | D:11     | Reached skill level 10 in Armour
  8218 | D:11     | Reached skill level 10 in Dodging
  8218 | D:11     | Reached XP level 11. HP: 101/101 MP: 10/10
  8434 | D:11     | Found a staircase to the Orcish Mines.
  8457 | D:11     | Noticed Grum
  8458 | D:11     | Noticed a catoblepas
  8553 | D:11     | Found a gate leading to a gauntlet.
  8560 | Gauntlet | Entered a Gauntlet
  8560 | Gauntlet | Noticed a death scarab
  8560 | Gauntlet | Found a transporter.
  8638 | Gauntlet | Found a transporter.
  8640 | Gauntlet | Found a transporter.
  8641 | Gauntlet | Found a transporter.
  8652 | Gauntlet | Found a transporter.
  8652 | Gauntlet | Found a transporter.
  8653 | Gauntlet | Found a transporter.
  8665 | Gauntlet | Found a transporter.
  8666 | Gauntlet | Found a transporter.
  8674 | Gauntlet | Found a transporter.
  8674 | Gauntlet | Noticed a death yak
  8674 | Gauntlet | Noticed a death yak
  8674 | Gauntlet | Noticed a death yak
  8675 | Gauntlet | Noticed a death yak
  8676 | Gauntlet | Noticed a necromancer
  8676 | Gauntlet | Noticed a death yak
  8677 | Gauntlet | Found a transporter.
  8678 | Gauntlet | Found a transporter.
  8680 | Gauntlet | Noticed a fire crab
  8691 | Gauntlet | Found a transporter.
  8722 | Gauntlet | Found a transporter.
  8861 | Gauntlet | Killed a death scarab
  9456 | Gauntlet | Killed a necromancer
  9458 | Gauntlet | Killed a death yak
  9463 | Gauntlet | Killed a death yak
  9464 | Gauntlet | Killed a death yak
  9465 | Gauntlet | Killed a death yak
  9471 | Gauntlet | Killed a death yak
  9612 | Gauntlet | Reached XP level 12. HP: 113/113 MP: 11/11
  9899 | Gauntlet | Noticed a minotaur
  9908 | Gauntlet | Killed a minotaur
  9936 | Gauntlet | Identified the +8 dagger of the Evil Eye {protect, +Blink
                  | Str+3 Int-2}
 10006 | D:11     | Noticed Nergalle
 10013 | D:11     | Killed Nergalle
 10056 | D:11     | Killed Grum
 10248 | D:11     | Killed a catoblepas
 10987 | IceCv    | Identified the of Obliyder
 10987 | Lair:1   | Entered Level 1 of the Lair of Beasts
 11331 | Lair:1   | Noticed a six-headed hydra
 11350 | Lair:1   | Killed an 11-headed hydra
 12269 | Lair:1   | Noticed a boulder beetle
 12306 | Lair:1   | Killed a boulder beetle
 12307 | Lair:1   | Reached XP level 13. HP: 99/123 MP: 12/12
 13111 | Lair:2   | Found a staircase to the Shoals.
 13201 | Lair:2   | Found a staircase to the Snake Pit.
 14188 | Lair:3   | Found a dark tunnel.
 14199 | Volcano  | Entered a volcano
 14283 | Volcano  | Found a bloodstained altar of Trog.
 14284 | Volcano  | Noticed a red draconian
 14285 | Volcano  | HP: 4/125 [yaktaur/bolt (9)]
 14285 | Volcano  | Shot with a bolt by a yaktaur

Illustrated notes

Levels and vault maps discovered:
D:1:      shiori_arrival_maze, layout_loops_ring, serial_shops, shop
D:2:      layout_rooms, minmay_3d_cube
D:3:      layout_rooms, uniq_robin, uniq_terence, uniq_crazy_yiuf_cottage
D:4:      layout_basic, mainiacjoe_overflow_swirl, minmay_temple_entry_junction,
          mainiacjoe_sewer_entry_somewhere_in_here_2, serial_shops,
          nicolae_shop_bloodbath_and_beyond, uniq_edmund
D:5:      layout_gridville, nicolae_ru_awakened_eye, mainiacjoe_overflow_paths,
          uniq_ijyb, uniq_duvessa
D:6:      layout_basic, lightli_corner_chamber, uniq_grinder
D:7:      layout_cave_pools, nicolae_island_escapes, uniq_prince_ribbit1
D:8:      layout_rooms, lair_entry_dummy, nzn_ghost_randoct
D:9:      layout_basic
D:10:     layout_basic, lemuel_tele_altar, cheibrodos_ashenzari_chains,
          amethyst_overflow_temple_binary, serial_library_hellmonk_statue_hall,
          kennysheep_generic_room_2, uniq_sonja
D:11:     layout_gridville, david_orc_3, gauntlet_entry_generic,
          grunt_ministairs_2, kb_lookout_dungeons_type, uniq_nergalle,
          uniq_gastronok, uniq_grum
Temple:   dpeg_chambers_temple
Lair:1:   layout_layer_cave, st_stairs_10, chequers_serial_rivers_room_a,
          pdpol_lair_cavern_descent
Lair:2:   layout_loops_ring, shoals_dummy_entry, guppyfry_snake_entry_island
Lair:3:   layout_loops_ring, lightli_volcano_entry_magma_tube,
          serial_bayou_shore_b, lemuel_fruit_tree
Volcano:  kennysheep_volcano_temple

Skill      XL: |  1  2  3  4  5  6  7  8  9 10 11 12 13 |
---------------+----------------------------------------+-----
Fighting       | 4 5 6 8 9 10 12 13 14 | 14.4
Axes           | 4 5 6 8 9 10 12 13 14 | 14.4
Armour         | 1 2 3 4 5 6 8 10 11 13 | 13.9
Dodging        | 4 5 6 7 8 10 11 12 13 | 13.3

Action                     |  1- 3 |  4- 6 |  7- 9 | 10-12 | 13-15 || total
---------------------------+-------+-------+-------+-------+-------++-------
  Melee: Hand axe          |    54 |   132 |       |       |       ||   186
         Headbutt          |    11 |    30 |    23 |    90 |    29 ||   183
         Broad axe         |       |     1 |   156 |   329 |   113 ||   599
 Invoke: Berserk           |       |     1 |     1 |     7 |     2 ||    11
         Trog's Hand       |       |       |     2 |     3 |       ||     5
         Brothers in Arms  |       |       |       |     1 |       ||     1
  Evoke: Wand              |       |       |       |     4 |     1 ||     5
    Use: Scroll            |       |     2 |     8 |    11 |       ||    21
         Potion            |       |       |     4 |     4 |       ||     8
   Stab: Sleeping          |       |       |       |     2 |     1 ||     3
         Invisible         |       |       |       |     1 |       ||     1
 Armour: Robe              |     8 |    47 |   124 |   171 |       ||   350
         Scale mail        |    20 |    25 |       |       |       ||    45
         Swamp dragon scal |       |       |       |    73 |   137 ||   210
  Dodge: Dodged            |    26 |    82 |   169 |   388 |   171 ||   836

Table legend: (Time is in decaauts)
 A = Elapsed time spent in this place.
 B = Non-inter-level travel time spent in this place.
 C = Inter-level travel time spent in this place.
 D = Time resting spent in this place.
 E = Time spent auto-exploring this place.
 F = Levels seen in this place.
 G = Mean time per level.
                   A        B        C        D        E       F      G
               +--------+--------+--------+--------+--------+-----+--------+
         Total |  14539 |  13792 |    747 |   1877 |   9050 |  18 |  807.7 |
       Dungeon |   9270 |   8603 |    667 |   1002 |   5867 |  11 |  842.7 |
        Temple |     42 |      1 |     41 |      0 |      0 |   1 |   42.0 |
          Lair |   3234 |   3196 |     38 |    195 |   2397 |   3 | 1078.0 |
         Sewer |    458 |    458 |      0 |      0 |    357 |   1 |  458.0 |
       Volcano |     85 |     85 |      0 |     32 |      7 |   1 |   85.0 |
      Gauntlet |   1447 |   1447 |      0 |    648 |    422 |   1 | 1447.0 |
               +--------+--------+--------+--------+--------+-----+--------+

Top non-repeatable levels by time:
  Lair:1: 1654 daAuts
Gauntlet: 1447 daAuts
    D:11: 1329 daAuts
     D:7: 1307 daAuts
  Lair:2: 1197 daAuts
    D:10: 1150 daAuts
     D:5: 911 daAuts
     D:1: 815 daAuts
     D:9: 784 daAuts
     D:8: 683 daAuts
     D:3: 591 daAuts
     D:6: 584 daAuts
     D:4: 583 daAuts
     D:2: 528 daAuts
   Sewer: 458 daAuts
